Unix NetHack Version 5.0.0-0 post-release - last build May 17 2026 04:57:42 (dc50c8380fa5e20985bfe3072449f57b8d9895ef,branch:main).

Game began 2026-05-19 15:46:13, ended 2026-05-19 15:53:43.

BitterJesus, neutral female gnomish Wizard

                      --------------
                      |............|
                      |.............
                      |............|
                      |.......@.f<.|
                      --- ----------

BitterJesus the Conjurer  St:11 Dx:15 Co:12 In:19 Wi:10 Ch:8  Neutral
Dlvl:4  $:63 HP:0(23) Pw:36(36) AC:10 Xp:3/52 T:1031  Satiated

Latest messages:
 You stop.  Simon is in the way!
 The kobold hits!
 You kill the kobold!
 Welcome to experience level 3.
 You see here a locked chest.
 That door is closed.
 The door resists!
 The door opens.
 You are in full health.
 You find a hidden passage.
 "Hello, BitterJesus!  Welcome to Jasmine's health food store!"
 You see here 2 tins (for sale, 26 zorkmids).
 You see here a cyan potion (for sale, 89 zorkmids).
 You see here a candy bar (for sale, 13 zorkmids).
 You see here a cyan potion (for sale, 89 zorkmids).
 Simon eats an egg.
 You see here 2 tins (for sale, 26 zorkmids).
 "For you, esteemed lady; only 13 zorkmids per tin."
 x - 2 tins (unpaid, 26 zorkmids).
 You see here a cyan potion (for sale, 89 zorkmids).
 You were wearing an uncursed +0 cloak of magic resistance.
 What do you want to wear? [b or ?*] b
 You are now wearing a cloak of magic resistance.
 You were wearing an uncursed ring of slow digestion (on left hand).
 You bought 2 tins for 26 gold pieces.
 "Thank you for shopping in Jasmine's health food store!"
 Simon eats an egg.
 Simon eats an egg.
 That door is closed.
 You descend the stairs.
 Simon misses the large kobold.
 You kill the large kobold!
 You see here a scroll labeled GARVEN DEH.
 y - a scroll labeled GARVEN DEH.
 What do you want to read? [i-my or ?*] y
 You read the scroll.
 This is a scroll of fire!
 Where do you want to center the explosion?
 (For instructions type a '?')
 The scroll erupts in a tower of flame!
 Boom!
 Your cloak smoulders!
 Your potion of healing boils and explodes!
 Your scroll of destroy armor catches fire and burns!
 The tower of flame is fatal.
 Do you want your possessions identified? [ynq] (y) y
 Do you want to see your attributes? [ynq] (y) y
 Do you want an account of creatures vanquished? [ynaq] (y) n
 Do you want to see your conduct and achievements? [ynq] (y) y
 Do you want to see the dungeon overview? [ynq] (y) n

Inventory:
 Coins    ('$')
  $ - 63 gold pieces
 Amulets  ('"')
  r - an uncursed amulet versus poison
 Weapons  (')')
  a - a blessed +2 quarterstaff (weapon in hands)
 Armor    ('[')
  b - an uncursed burnt +0 cloak of magic resistance (being worn)
 Comestibles  ('%')
  s - 3 uncursed food rations
  x - 2 uncursed homemade tins of red mold
  p - an uncursed lichen corpse
 Scrolls  ('?')
  i - a blessed scroll of remove curse
  k - an uncursed scroll of remove curse
 Spellbooks  ('+')
  l - a blessed spellbook of force bolt
  m - an uncursed spellbook of sleep
 Potions  ('!')
  g - an uncursed potion of object detection
  h - an uncursed potion of see invisible
 Rings    ('=')
  d - an uncursed +2 ring of adornment
  e - an uncursed ring of slow digestion
 Wands    ('/')
  c - a wand of lightning (0:5)
 Tools    ('(')
  n - a magic marker (0:20)
  w - an uncursed stethoscope

BitterJesus the Wizard's attributes:

Background:
 You were a Conjurer, a level 3 female gnomish Wizard.
 You were neutral, nominally on a mission for Thoth
 who was opposed by Ptah (lawful) and Anhur (chaotic).
 You were left-handed.
 You were in the Dungeons of Doom, on level 4.
 You entered the dungeon 1031 turns ago.
 There was a new moon in effect when your adventure ended.
 You had 52 experience points, 28 more were needed to attain level 4.

Basics:
 You had 0 out of 23 hit points.
 You had all 36 energy points (spell power).
 Your armor class was 10.
 Your wallet contained 63 zorkmids.
 Autopickup was off.

Final Characteristics:
 Your strength was 11 (limit:18/50).
 Your dexterity was 15 (limit:18).
 Your constitution was 12 (limit:18).
 Your intelligence was 19 (limit:19).
 Your wisdom was 10 (limit:18).
 Your charisma was 8 (limit:18).

Final Status:
 You were satiated.
 You were unencumbered.
 You were wielding a quarterstaff.
 You had basic skill with quarterstaff.

Final Attributes:
 You were devoutly aligned.
 You were magic-protected.
 You had infravision.
 You were warded.
 You were fast.
 You are dead.

Miscellaneous:
 You didn't encounter any bones levels.
 Total elapsed playing time was 7 minutes and 27 seconds.

Major events:
 Turn
    1: BitterJesus the neutral female gnomish Wizard entered the dungeon
  975: attained the rank of Conjurer (level 3)
 1031: burned by a tower of flame

Spells:
 Name                 Level Category     Fail Retention
 force bolt             1   attack         0%  91%-100%
 sleep                  3   enchantment    0%  91%-100%

Skills:
 Fighting Skills
   bare handed combat [Unskilled]
   riding             [Unskilled]
 Weapon Skills
   dagger             [Unskilled]
   knife              [Unskilled]
   axe                [Unskilled]
   short sword        [Unskilled]
   club               [Unskilled]
   mace               [Unskilled]
   quarterstaff       [Basic]
   polearms           [Unskilled]
   spear              [Unskilled]
   trident            [Unskilled]
   sling              [Unskilled]
   dart               [Unskilled]
   shuriken           [Unskilled]
 Spellcasting Skills
   attack spells      [Basic]
   healing spells     [Unskilled]
   divination spells  [Unskilled]
   enchantment spells [Basic]
   clerical spells    [Unskilled]
   escape spells      [Unskilled]
   matter spells      [Unskilled]

Voluntary challenges:
 Character rerolling was not enabled.
 You were an atheist.
 You never genocided any monsters.
 You never polymorphed an object.
 You never changed form.
 You used no wishes.
Achievements:
 You entered a shop.
 You attained the rank of Conjurer.

 The Dungeons of Doom: levels 1 to 4
    Level 1:
       A fountain.
    Level 2:
       A general store, a fountain.
    Level 3:
       A vegetarian food shop.
    Level 4: <- You were here.
       Final resting place for
          you, burned by a tower of flame.


Vanquished creatures:
  a shrieker
  a large kobold
  4 jackals
  a fox
  3 kobolds
  2 grid bugs
  3 lichens
  a kobold zombie
  5 newts
21 creatures vanquished.

No species were genocided or became extinct.

Game over:
                       ----------
                      /          \
                     /    REST    \
                    /      IN      \
                   /     PEACE      \
                  /                  \
                  |   BitterJesus    |
                  |      63 Au       |
                  |   burned by a    |
                  |  tower of flame  |
                  |                  |
                  |                  |
                  |       2026       |
                 *|     *  *  *      | *
        _________)/\\_//(\/(/\)/\//\/|_)_______

Goodbye BitterJesus the Wizard...

You burned in The Dungeons of Doom on dungeon level 4 with 435 points,
and 63 pieces of gold, after 1031 moves.
You were level 3 with a maximum of 23 hit points when you burned.

